 Dungeon Crawl Stone Soup version 0.27.1-33-g824d729ab1 (webtiles) character file.

Game seed: 1243133383162457420

241 sking99 the Bolt Thrower (level 6, -4/38 HPs)
             Began as a Kobold Hunter on Dec 10, 2021.
             Killed from afar by Grinder (12 damage)
             ... with a puff of flame
             ... on level 3 of the Dungeon.
             The game lasted 00:05:00 (3358 turns).

sking99 the Bolt Thrower (Kobold Hunter)            Turns: 3358, Time: 00:05:01

Health: -4/38      AC:  3    Str: 18    XL:     6   Next: 30%
Magic:  6/6        EV: 15    Int: 12    God:
Gold:   171        SH:  0    Dex: 15    Spells: 5/5 levels left

rFire    . . .     SeeInvis .   a - +1 hand crossbow
rCold    . . .     Faith    .   (shield restricted)
rNeg     . . .     Spirit   .   c - +0 leather armour
rPois    .         Reflect  .   (no helmet)
rElec    .         Harm     .   (no cloak)
rCorr    .         Rampage  .   (no gloves)
Will     .....                  (no boots)
Stlth    +++.......             (no amulet)
HPRegen  0.12/turn              t - +6 ring of strength
MPRegen  0.10/turn              (no ring)

@: no status effects
A: small, no large weapons, nightstalker 3
a: no special abilities


You were on level 3 of the Dungeon.
You visited 1 branch of the dungeon, and saw 3 of its levels.

You collected 171 gold pieces.

Inventory:

Hand Weapons
 a - a +1 hand crossbow (weapon)
 b - a +0 short sword
Missiles
 d - 39 bolts (quivered ammo)
Armour
 c - a +0 leather armour (worn)
Jewellery
 t - a +6 ring of strength (left hand)
Wands
 s - a wand of mindburst (9)
Scrolls
 e - 2 scrolls of amnesia {unknown}
 g - a scroll of magic mapping {unknown}
 h - 2 scrolls of identify {unknown}
 j - a scroll of teleportation {unknown}
 k - 2 scrolls of acquirement {unknown}
 p - 3 scrolls of immolation {unknown}
 r - a scroll of blinking {unknown}
Potions
 f - a potion of attraction {unknown}
 i - a potion of resistance {unknown}
 l - 2 potions of lignification {unknown}
 m - 2 potions of invisibility {unknown}
 n - a potion of brilliance {unknown}
 o - a potion of mutation {unknown}
 q - 2 potions of flight {unknown}


   Skills:
 + Level 3.8 Fighting
 * Level 7.0 Crossbows
 + Level 4.1 Dodging
 - Level 1.3 Stealth


You had 5 spell levels left.
You didn't know any spells.
Your spell library contained the following spells:

 Spells                   Type           Power      Damage    Failure   Level
 Freeze                   Ice            0%         1d3       36%         1
 Shock                    Conj/Air       0%         1d3       36%         1
 Frozen Ramparts          Ice            0%         1d2       75%         3
 Swiftness                Air            0%         N/A       75%         3
 Airstrike                Air            0%         N/A       98%         4
 Hailstorm                Conj/Ice       0%         3d3       98%         4


Dungeon Overview and Level Annotations

Branches:
Dungeon (3/15)

Altars:

Annotations:
D:3 Grinder


Innate Abilities, Weirdness & Mutations

You are small and have problems with some larger weapons.
You are completely attuned to the shadows.


Message History

You see here a +0 dagger.
You see here a +0 club.
There is an open gate here.
You see here a jackal skeleton.
Grinder comes into view.
She is carrying a wand of flame (12).
Grinder shouts!
Grinder gestures at you. Pain shoots through your body!
You feel stronger.
t - a +6 ring of strength (left hand) Grinder zaps a wand.
The puff of flame misses you.
Fire: 43 bolts
Press: ? - help, Q - select action, (/) - cycle Shift-Dir - straight line, f - Grinder
Aim: Grinder, carrying a wand of flame (11) (64% to hit)
You shoot a bolt. The bolt barely misses Grinder.
Grinder zaps a wand.
The puff of flame hits you!
Fire: 42 bolts
Press: ? - help, Q - select action, (/) - cycle Shift-Dir - straight line, f/p - Grinder
Aim: Grinder, carrying a wand of flame (10) (64% to hit)
You shoot a bolt. The bolt hits Grinder!
Grinder is moderately wounded.
Fire: 41 bolts
Press: ? - help, Q - select action, (/) - cycle Shift-Dir - straight line, f/p - Grinder
Aim: Grinder, carrying a wand of flame (10) (moderately wounded, 64% to hit)
You shoot a bolt. The bolt barely misses Grinder.
Grinder gestures at you.
You suddenly lose the ability to move!
Grinder gestures at you. You resist with significant effort.
Grinder blinks!
Grinder gestures at you. Pain shoots through your body!
* * * LOW HITPOINT WARNING * * *
You can move again.
Fire: 40 bolts
Press: ? - help, Q - select action, (/) - cycle Shift-Dir - straight line, f/p - Grinder
Aim: Grinder, carrying a wand of flame (10) (moderately wounded, 64% to hit)
You shoot a bolt. The bolt closely misses Grinder.
Grinder zaps a wand.
The puff of flame hits you!
You die...

####≈≈.# ..≈≈≈÷.#
..≈≈≈.## ..≈≈#.#
..≈≈#.####### .(
..≈≈........# 5#
.≈≈≈........#### .#
≈≈≈#.).........##.#
≈≈##########....@.#
### ###...## ###..#
##.## ##### #..##
#...# ##..####...#
#########
##....#...#
##.......##
####.....#
#.#.#.#.#.# ###..>#


You could see Grinder.

Vanquished Creatures
  A scorpion (D:3)
  Ijyb (D:3)
  7 gnolls (D:2)
  2 adders (D:2)
  A worm (D:2)
  4 orcs
  5 endoplasms
  2 giant cockroaches (D:1)
  9 goblins
  8 hobgoblins
  5 jackals
  10 kobolds
  A quokka (D:1)
  2 ball pythons (D:2)
  4 bats
  5 frilled lizards
  2 rats (D:2)
69 creatures vanquished.

Notes
Turn   | Place    | Note
-------+----------+-------------------------------------------
     0 | D:1      | sking99 the Kobold Hunter began the quest for the Orb.
     0 | D:1      | Reached XP level 1. HP: 12/12 MP: 1/1
   215 | D:1      | Reached skill level 5 in Crossbows
   243 | D:1      | Reached XP level 2. HP: 18/18 MP: 2/2
   753 | D:1      | Found a faded altar of an unknown god.
   775 | D:1      | Reached XP level 3. HP: 21/22 MP: 3/3
  2048 | D:2      | Reached XP level 4. HP: 27/27 MP: 4/4
  2189 | D:2      | Reached skill level 6 in Crossbows
  2195 | D:2      | Reached XP level 5. HP: 32/32 MP: 5/5
  2686 | D:3      | Reached XP level 6. HP: 29/37 MP: 6/6
  3159 | D:3      | Noticed Ijyb
  3166 | D:3      | Killed Ijyb
  3167 | D:3      | Reached skill level 7 in Crossbows
  3348 | D:3      | Noticed Grinder
  3352 | D:3      | Paralysed by Grinder for 6 turns
  3358 | D:3      | Killed from afar by Grinder

Illustrated notes

Levels and vault maps discovered:
D:1:      amcnicky_arrival_flooded_fountain, layout_basic,
          ebering_ecumenical_altar_sacrificial, serial_corexii_hall,
          corexii_hall_statues_deadend, chequers_hall_statues_corner_a
D:2:      layout_loops_corners, minmay_between
D:3:      kennysheep_goblin_castle, layout_rooms, st_stairs_5, hex_medium,
          kennysheep_generic_room_9, uniq_robin, uniq_grinder

Skill      XL: |  1  2  3  4  5  6 |
---------------+-------------------+-----
Crossbows      | 5 6 7 |  7.0
Dodging        | 3 4 |  4.1
Fighting       | 3 |  3.8
Stealth        | |  1.3

Action                   |  1- 3 |  4- 6 || total
-------------------------+-------+-------++-------
 Fire: Hand crossbow     |    90 |    75 ||   165
Armor: Leather armour    |     7 |     2 ||     9
Dodge: Dodged            |    24 |    21 ||    45
